 Dungeon Crawl Stone Soup version 0.31.0-11-ge490571c62 (webtiles) character file.

Game seed: 8359646561277268760

5 Arcadio the Sneak (level 1, -2/19 HPs)
             Began as a Draconian Delver on Jan 30, 2024.
             Was an Initiate of Zin.
             Slain by an ufetubus (4 damage)
             ... on level 5 of the Dungeon.
             The game lasted 00:01:09 (337 turns).

Arcadio the Sneak (Draconian Delver)                 Turns: 337, Time: 00:01:10

Health: -2/19      AC:  4    Str: 14    XL:     1   Next: 66%
Magic:  1/1        EV: 12    Int: 10    God:    Zin [......]
Gold:   17         SH:  0    Dex: 12    Spells: 0/0 levels left

rFire   . . .        a - +0 short sword
rCold   . . .        (no shield)
rNeg    . . .        (body armour unavailable)
rPois   .            (helmet restricted)
rElec   .            (no cloak)
rCorr   .            (no gloves)
SInv    .            (no boots)
Will    .....        (no amulet)
Stlth   +++          (no ring)
HPRegen 0.23/turn    (no ring)
MPRegen 0.07/turn

%: no passive effects
@: no status effects
A: AC +4, unfitting armour, cold-blooded
a: Renounce Religion, Donate Gold


You were on level 5 of the Dungeon.
You worshipped Zin.
Zin was noncommittal.
You visited 2 branches of the dungeon, and saw 2 of its levels.

You collected 18 gold pieces.
You donated 1 gold pieces to Zin.

Inventory:

Hand Weapons
 a - a +0 short sword (weapon)
Jewellery
 h - the ring "Estrufun" {rElec Str+7 Dex-4 SInv}
   (You found it on level 5 of the Dungeon)

   [ring of see invisible]

   Str+7:     It affects your strength (+7).
   Dex-4:     It affects your dexterity (-4).
   rElec:     It insulates you from electricity.
   SInv:      It lets you see invisible.
Wands
 f - a wand of digging (3)
 g - a wand of acid (13)
Scrolls
 b - a scroll of fog
 c - a scroll of revelation
 d - a scroll of fear
 i - a scroll of teleportation {unknown}
 k - a scroll of summoning {unknown}
Potions
 e - a potion of haste
 j - a potion of ambrosia {unknown}


   Skills:
 + Level 3.5 Fighting
 - Level 2.0 Short Blades
 + Level 2.0 Dodging
 - Level 4.5 Stealth


You couldn't memorise any spells.
You didn't know any spells.
Your spell library contained the following spells:

 Spells                   Type           Power      Damage    Failure   Level
 Kiss of Death            Conj/Necr      0%         2d5       36%         1
 Confusing Touch          Hex            0%         N/A       75%         3
 Dispel Undead            Necr           0%         3d6       98%         4
 Alistair's Intoxication  Alch           0%         N/A       100%        5
 Borgnjor's Vile Clutch   Necr/Erth      0%         N/A       100%        5
 Eringya's Noxious Bog    Alch           0%         4d6       100%        6


Dungeon Overview and Level Annotations

Branches:
Dungeon (5/15)             Temple (1/1) D:5

Altars:
Ashenzari
Cheibriados
Gozag
Hepliaklqana
Nemelex Xobeh
Okawaru
Ru
Vehumet
Wu Jian
Xom
Zin
The Shining One

Annotations:
Temple 2 transporters


Innate Abilities, Weirdness & Mutations

Your plain brown scales are hard. (AC +4)
You cannot fit into any form of body armour.
You are cold-blooded and may be slowed by cold attacks.


Message History

The ufetubus hits you. The ufetubus barely misses you. The ufetubus misses you.
You don't know any spells.
Unknown command.
Okay, then.
You hit the ufetubus.
The ufetubus is heavily wounded.
The ufetubus closely misses you.
The ufetubus hits you but does no damage. x3
You hit the ufetubus.
The ufetubus is severely wounded.
The ufetubus closely misses you. The ufetubus barely misses you.
You hit the ufetubus.
You kill the ufetubus!
The ufetubus hits you but does no damage.
The ufetubus misses you.
Your Dodging skill increases to level 2!
You closely miss the ufetubus. The ufetubus misses you.
The ufetubus barely misses you.
You barely miss the ufetubus.
Your tail-slap misses the ufetubus.
The ufetubus barely misses you. x2
You miss the ufetubus. The ufetubus hits you. The ufetubus misses you.
The ufetubus slips past you! The ufetubus hits you.
The ufetubus hits you but does no damage.
You barely miss the ufetubus.
The ufetubus hits you but does no damage.
The ufetubus hits you. The ufetubus barely misses you. x2
The ufetubus closely misses you. The ufetubus barely misses you.
The ufetubus hits you. The ufetubus barely misses you.
You closely miss the ufetubus. The ufetubus hits you.
The ufetubus closely misses you. The ufetubus completely misses you.
The ufetubus barely misses you.
You barely miss the ufetubus.
Your tail-slap misses the ufetubus.
The orc hits you with a +0 hand axe.
* * * LOW HITPOINT WARNING * * *
The ufetubus barely misses you. The ufetubus closely misses you.
You hit the ufetubus.
The ufetubus is lightly wounded.
The ufetubus hits you.
You die...

.....# ......
...... #......
....... ##.....
####. #...# ###
..... #@.# ....
.....# ##5o#
...........# #..##
............###.##
...............##
..............##
...........<...##
.#
................#
#.# #..
................##
##..##...


You could see an ufetubus and an orc.

Vanquished Creatures
  An ufetubus (D:5)
1 creature vanquished.

Notes
Turn   | Place    | Note
-------+----------+-------------------------------------------
     0 | D:5      | Arcadio the Draconian Delver began the quest for the Orb.
     0 | D:5      | Reached XP level 1. HP: 19/19 MP: 1/1
    44 | D:5      | Noticed an iguana
   103 | D:5      | Identified the ring "Estrufun" {rElec Str+7 Dex-4 SInv}
   105 | D:5      | Noticed an iguana
   114 | D:5      | Found an ornate altar of the Wu Jian Council.
   171 | D:5      | Found a staircase to the Ecumenical Temple.
   177 | Temple   | Found a transporter.
   177 | Temple   | Found a transporter.
   177 | Temple   | Found a transporter.
   177 | Temple   | Found a transporter.
   177 | Temple   | Entered the Ecumenical Temple
   208 | Temple   | Became a worshipper of Zin the Law-Giver
   337 | D:5      | Slain by an ufetubus

Illustrated notes

Levels and vault maps discovered:
D:5:      layout_layer_cave, mainiacjoe_overflow_tiny_flanked, temple_green
Temple:   hellmonk_temple_divided_pantheon

Skill      XL: |  1 |
---------------+----+-----
Dodging        | 2 |  2.0
Fighting       | |  3.5
Short Blades   | |  2.0
Stealth        | |  4.5

Action                     || total
---------------------------++-------
  Melee: Short sword       ||    11
 Armour: Skin              ||    17
  Dodge: Dodged            ||    30
